[ PARTIDA AOE2 · #493976826 ]
UnrankedMuiscas vs Gurjaras
Equipo del jugador · DERR
Equipo rival · VICT
[ ANÁLISIS DE REPETICIÓN · EXTRAÍDO DE LA PARTIDA GRABADA ]
Feudal
10:33
Castillos
14:36
Imperial
—
| APM promedio | 61.0 |
| APM pico | 89 |
| eAPM promedio | 34.3 |
| Aldeanos / militares | 35 / 0 |
Foco
⚔️ 55.5% · 🌾 44.5%
Unknown (2562) ×12
Feudal
8:31
Castillos
23:38
Imperial
—
| APM promedio | 69.9 |
| APM pico | 98 |
| eAPM promedio | 25.3 |
| Aldeanos / militares | 46 / 17 |
Foco
⚔️ 33.8% · 🌾 66.2%
Scout Cavalry ×17
Mapa de la partida
Recursos iniciales + cada clic de construcción. Líneas = muros · curvas = relieve. ◆ oro · ⬟ piedra · ● bayas · ✦ reliquia · ◌ hueco del cierre
Tu base· ✓ Cerrada en 14:36 · 45t muro · 2 puerta(s)
Base de Gabi· Abierta — hueco de 4t
Terreno inicial suavizado · ◌ = hueco del cierre detectado · pasá el cursor para detalles
Inputs por minuto
— DS_VarVa - - Gabi
Build order — DS_VarVa
87 acciones detectadas en el replay
| 0:01 | Crear | Villager (Male) |
| 0:01 | Crear | Villager (Male) |
| 0:01 | Crear | Villager (Male) |
| 0:02 | Crear | Villager (Male) |
| 0:03 | Construir | House |
| 0:04 | Construir | House |
| 1:16 | Crear | Villager (Male) |
| 1:50 | Construir | Settlement |
| 1:58 | Crear | Villager (Male) |
| 1:58 | Crear | Villager (Male) |
| 2:19 | Crear | Villager (Male) |
| 2:19 | Crear | Villager (Male) |
| 2:45 | Crear | Villager (Male) |
| 2:45 | Crear | Villager (Male) |
| 3:05 | Crear | Villager (Male) |
| 3:42 | Crear | Villager (Male) |
| 3:42 | Crear | Villager (Male) |
| 4:02 | Crear | Villager (Male) |
| 4:36 | Crear | Villager (Male) |
| 4:36 | Crear | Villager (Male) |
| 4:57 | Crear | Villager (Male) |
| 4:57 | Crear | Villager (Male) |
| 5:22 | Crear | Villager (Male) |
| 5:22 | Crear | Villager (Male) |
| 5:23 | Crear | Villager (Male) |
| 5:59 | Crear | Villager (Male) |
| 6:04 | Construir | Settlement |
| 6:07 | Construir | Palisade Wall |
| 6:19 | Crear | Villager (Male) |
| 6:26 | Construir | Palisade Wall |
| 6:33 | Construir | Palisade Wall |
| 6:39 | Crear | Villager (Male) |
| 6:57 | Crear | Villager (Male) |
| 7:02 | Investigar | Loom |
| 7:20 | Construir | Palisade Wall |
| 7:32 | Crear | Villager (Male) |
| 7:36 | Construir | Palisade Wall |
| 7:47 | Investigar | Loom |
| 8:04 | Construir | Palisade Wall |
| 8:10 | Investigar | Feudal Age |
| 8:10 | Investigar | Feudal Age |
| 8:47 | Construir | House |
| 9:57 | Construir | Palisade Wall |
| 10:01 | Construir | Palisade Wall |
| 10:33 | Edad | Edad Feudal |
| 10:35 | Crear | Villager (Male) |
| 10:37 | Construir | Blacksmith |
| 10:41 | Construir | Market |
| 11:04 | Crear | Villager (Male) |
| 11:31 | Construir | Palisade Gate |
| 11:36 | Construir | Stone Wall |
| 11:54 | Construir | Stone Wall |
| 11:56 | Investigar | Castle Age |
| 11:56 | Investigar | Castle Age |
| 12:33 | Construir | Palisade Gate |
| 13:12 | Crear | Villager (Male) |
| 13:22 | Crear | Villager (Male) |
| 13:34 | Construir | Stone Wall |
| 13:38 | Construir | Stone Wall |
| 13:39 | Construir | Stone Wall |
| 13:52 | Construir | Farm |
| 14:30 | Crear | Villager (Male) |
| 14:36 | Edad | Edad de los Castillos |
| 14:42 | Construir | Castle |
| 15:43 | Crear | Unit 2562 |
| 16:07 | Construir | Palisade Wall |
| 17:06 | Construir | Stone Wall |
| 17:20 | Construir | Settlement |
| 17:36 | Construir | Palisade Wall |
| 17:37 | Construir | Palisade Wall |
| 17:38 | Construir | Palisade Wall |
| 17:53 | Crear | Villager (Male) |
| 18:24 | Crear | Unit 2562 |
| 19:22 | Crear | Unit 2562 |
| 19:22 | Crear | Unit 2562 |
| 19:40 | Construir | Palisade Wall |
| 19:52 | Investigar | Fletching |
| 19:57 | Crear | Villager (Male) |
| 20:34 | Crear | Unit 2562 |
| 20:43 | Crear | Unit 2562 |
| 21:55 | Crear | Unit 2562 |
| 22:24 | Crear | Villager (Male) |
| 22:25 | Crear | Unit 2562 |
| 22:51 | Crear | Unit 2562 |
| 23:20 | Crear | Unit 2562 |
| 23:34 | Crear | Unit 2562 |
| 23:35 | Crear | Unit 2562 |
Build order — Gabi
139 acciones detectadas en el replay
| 0:01 | Crear | Villager (Male) |
| 0:01 | Crear | Villager (Male) |
| 0:02 | Construir | House |
| 0:03 | Construir | House |
| 0:21 | Crear | Villager (Male) |
| 0:21 | Crear | Villager (Male) |
| 0:36 | Construir | Mill |
| 1:31 | Crear | Villager (Male) |
| 1:56 | Crear | Villager (Male) |
| 1:57 | Crear | Villager (Male) |
| 2:13 | Crear | Villager (Male) |
| 2:14 | Crear | Villager (Male) |
| 2:32 | Crear | Villager (Male) |
| 3:02 | Construir | House |
| 3:10 | Crear | Villager (Male) |
| 3:27 | Crear | Villager (Male) |
| 3:53 | Construir | Lumber Camp |
| 3:58 | Crear | Villager (Male) |
| 4:24 | Crear | Villager (Male) |
| 4:24 | Crear | Villager (Male) |
| 5:09 | Crear | Villager (Male) |
| 5:54 | Crear | Villager (Male) |
| 5:54 | Investigar | Loom |
| 6:14 | Investigar | Feudal Age |
| 6:39 | Construir | House |
| 7:03 | Construir | Barracks |
| 8:05 | Construir | Palisade Wall |
| 8:07 | Construir | Palisade Wall |
| 8:08 | Construir | Palisade Wall |
| 8:13 | Crear | Villager (Male) |
| 8:30 | Crear | Villager (Male) |
| 8:31 | Edad | Edad Feudal |
| 8:32 | Construir | Stable |
| 8:38 | Investigar | Double-Bit Axe |
| 8:46 | Construir | Palisade Wall |
| 9:06 | Crear | Villager (Male) |
| 9:16 | Crear | Scout Cavalry |
| 9:16 | Crear | Scout Cavalry |
| 9:32 | Investigar | Horse Collar |
| 9:44 | Crear | Villager (Male) |
| 9:45 | Crear | Scout Cavalry |
| 9:55 | Construir | House |
| 10:10 | Construir | Mining Camp |
| 10:15 | Crear | Scout Cavalry |
| 10:20 | Construir | Farm |
| 10:21 | Crear | Villager (Male) |
| 10:38 | Crear | Villager (Male) |
| 10:39 | Construir | Farm |
| 10:55 | Construir | Watch Tower |
| 11:02 | Crear | Villager (Male) |
| 11:10 | Crear | Villager (Male) |
| 11:22 | Construir | House |
| 11:36 | Crear | Villager (Male) |
| 11:43 | Construir | Farm |
| 11:58 | Crear | Scout Cavalry |
| 12:09 | Construir | Palisade Wall |
| 12:10 | Construir | Palisade Wall |
| 12:10 | Construir | Palisade Wall |
| 12:17 | Crear | Villager (Male) |
| 12:37 | Crear | Villager (Male) |
| 12:38 | Construir | Farm |
| 12:38 | Construir | Farm |
| 12:42 | Construir | House |
| 12:47 | Construir | Watch Tower |
| 12:52 | Crear | Scout Cavalry |
| 12:55 | Construir | House |
| 13:10 | Construir | Farm |
| 13:11 | Crear | Villager (Male) |
| 13:20 | Construir | Outpost |
| 13:30 | Crear | Villager (Male) |
| 13:45 | Construir | Farm |
| 13:51 | Construir | Outpost |
| 14:05 | Construir | Farm |
| 14:06 | Crear | Villager (Male) |
| 14:23 | Crear | Villager (Male) |
| 14:26 | Construir | House |
| 14:44 | Construir | Watch Tower |
| 14:48 | Crear | Villager (Male) |
| 14:53 | Crear | Scout Cavalry |
| 14:56 | Construir | Blacksmith |
| 15:16 | Crear | Villager (Male) |
| 15:19 | Construir | Mill |
| 15:28 | Crear | Villager (Male) |
| 15:30 | Crear | Scout Cavalry |
| 15:46 | Crear | Scout Cavalry |
| 15:54 | Construir | Stone Wall |
| 15:54 | Construir | Stone Wall |
| 15:55 | Construir | Stone Wall |
| 15:59 | Construir | Farm |
| 16:03 | Construir | Stone Wall |
| 16:05 | Investigar | Fletching |
| 16:07 | Crear | Villager (Male) |
| 16:13 | Construir | House |
| 16:14 | Construir | Stone Wall |
| 16:18 | Construir | Stone Wall |
| 16:26 | Crear | Villager (Male) |
| 16:26 | Crear | Villager (Male) |
| 16:57 | Construir | House |
| 17:04 | Crear | Villager (Male) |
| 17:26 | Construir | Watch Tower |
| 17:30 | Crear | Villager (Male) |
| 17:31 | Construir | Market |
| 17:33 | Construir | Mining Camp |
| 17:44 | Crear | Villager (Male) |
| 17:53 | Crear | Scout Cavalry |
| 18:12 | Construir | Farm |
| 18:13 | Construir | Farm |
| 18:15 | Crear | Villager (Male) |
| 18:26 | Investigar | Scale Barding Armor |
| 18:36 | Crear | Scout Cavalry |
| 18:38 | Crear | Villager (Male) |
| 18:39 | Construir | House |
| 18:41 | Construir | House |
| 18:50 | Construir | House |
| 18:50 | Construir | House |
| 19:03 | Construir | Stone Wall |
| 19:09 | Construir | Farm |
| 19:29 | Crear | Villager (Male) |
| 19:54 | Crear | Villager (Male) |
| 20:09 | Construir | House |
| 20:26 | Construir | Farm |
| 20:36 | Construir | House |
| 20:58 | Investigar | Castle Age |
| 21:00 | Crear | Scout Cavalry |
| 21:00 | Crear | Scout Cavalry |
| 21:35 | Construir | Stable |
| 21:51 | Construir | Watch Tower |
| 21:58 | Investigar | Forging |
| 22:24 | Crear | Scout Cavalry |
| 22:36 | Crear | Scout Cavalry |
| 22:41 | Crear | Scout Cavalry |
| 22:49 | Construir | Lumber Camp |
| 23:03 | Crear | Scout Cavalry |
| 23:15 | Construir | Stable |
| 23:36 | Investigar | Bloodlines |
| 23:38 | Crear | Villager (Male) |
| 23:38 | Edad | Edad de los Castillos |
| 23:42 | Construir | Mining Camp |
| 23:44 | Investigar | Light Cavalry (upgrade) |
Cronología de la partida
| 6:07 | DS_VarVa · wall_segment Palisade Wall x1 |
| 6:26 | DS_VarVa · wall_segment Palisade Wall x13 |
| 6:33 | DS_VarVa · wall_segment Palisade Wall x7 |
| 7:03 | Gabi · first_building Barracks |
| 7:20 | DS_VarVa · wall_segment Palisade Wall x3 |
| 7:36 | DS_VarVa · wall_segment Palisade Wall x13 |
| 8:04 | DS_VarVa · wall_segment Palisade Wall x1 |
| 8:05 | Gabi · wall_segment Palisade Wall x1 |
| 8:07 | Gabi · wall_segment Palisade Wall x1 |
| 8:08 | Gabi · wall_segment Palisade Wall x1 |
| 8:31 | Gabi · age_up feudal |
| 8:32 | Gabi · first_building Stable |
| 8:46 | Gabi · wall_segment Palisade Wall x1 |
| 9:57 | DS_VarVa · wall_segment Palisade Wall x1 |
| 10:01 | DS_VarVa · wall_segment Palisade Wall x1 |
| 10:33 | DS_VarVa · age_up feudal |
| 11:36 | DS_VarVa · wall_segment Stone Wall x3 |
| 11:42 | DS_VarVa · first_market_sell 100 stone |
| 11:46 | DS_VarVa · first_market_buy 100 food |
| 11:54 | DS_VarVa · wall_segment Stone Wall x1 |
| 12:09 | Gabi · wall_segment Palisade Wall x1 |
| 12:10 | Gabi · wall_segment Palisade Wall x1 |
| 12:10 | Gabi · wall_segment Palisade Wall x2 |
| 13:34 | DS_VarVa · wall_segment Stone Wall x1 |
| 13:38 | DS_VarVa · wall_segment Stone Wall x1 |
| 13:39 | DS_VarVa · wall_segment Stone Wall x1 |
| 14:36 | DS_VarVa · age_up castle |
| 14:42 | DS_VarVa · first_building Castle |
| 15:54 | Gabi · wall_segment Stone Wall x1 |
| 15:54 | Gabi · wall_segment Stone Wall x1 |
| 15:55 | Gabi · wall_segment Stone Wall x1 |
| 16:03 | Gabi · wall_segment Stone Wall x1 |
| 16:07 | DS_VarVa · wall_segment Palisade Wall x1 |
| 16:14 | Gabi · wall_segment Stone Wall x1 |
| 16:18 | Gabi · wall_segment Stone Wall x1 |
| 17:06 | DS_VarVa · wall_segment Stone Wall x1 |
| 17:36 | DS_VarVa · wall_segment Palisade Wall x1 |
| 17:37 | DS_VarVa · wall_segment Palisade Wall x1 |
| 17:38 | DS_VarVa · wall_segment Palisade Wall x1 |
| 18:23 | Gabi · first_market_sell 100 wood |
| 18:25 | Gabi · first_market_buy 100 food |
| 19:03 | Gabi · wall_segment Stone Wall x1 |
| 19:40 | DS_VarVa · wall_segment Palisade Wall x1 |
| 23:38 | Gabi · age_up castle |
| 23:47 | DS_VarVa · resign |
[ ANÁLISIS IA · 1 CRÉDITO ]
¿Qué pasó realmente en esta partida?
Wolo.gg analiza cada decisión: build order, eco, micro, errores típicos por bracket. Análisis personalizado por WhatsApp o Discord en 30 segundos.
Guía civ
Muiscas
Perfil
VarVarus (DS_VarVa)